[Event "DVM U20w 2019"]
[Site "Braunschweig"]
[Date "2019.12.30"]
[Round "7"]
[White "Stelter, Finja"]
[Black "Relógio Stauber, Anna"]
[Result "0-1"]
[ECO "B10"]
[WhiteElo "1054"]
[BlackElo "1396"]
[Annotator "NA"]
[PlyCount "62"]
[EventDate "2019.12.27"]
[EventType "team-tourn"]
[EventRounds "7"]
[EventCountry "GER"]
[SourceTitle "playchess.com"]
[Source "ChessBase"]
[SourceQuality "1"]
[WhiteTeam "SK Lehrte 1919"]
[BlackTeam "SC Borussia Lichtenberg"]
[TimeControl "40/5400+30:1800+30"]

1. e4 c6 2. Nc3 d5 3. Nf3 dxe4 4. Nxe4 Bg4 5. Ng3 Nf6 6. Bc4 e6 7. h3 Bxf3 8. Qxf3 Bd6 9. d3 O-O 10. Bg5 Nbd7 11. Nh5 Be7 12. h4 Nxh5 13. Qxh5 Nf6 14. Qf3 h6 15. Qh3 Nd5 16. Bxd5 cxd5 17. Qg3 hxg5 18. hxg5 Bxg5 19. Qh3 Bh6 20. Ke2 Qg5 21. Kf1 Rac8 22. Re1 Rxc2 23. Re2 Rxe2 24. Kxe2 Qd2+ 25. Kf3 Qxd3+ 26. Kg4 Qxh3+ 27. Rxh3 Rc8 28. Rb3 b6 29. Kg3 Rc4 30. Kh3 Bf4 31. g3 Bd6 {[%emt 0:00:52] normal} 0-1

[Event "DVM U20w 2019"]
[Site "Braunschweig"]
[Date "2019.12.30"]
[Round "7"]
[White "Cerkez, Lorena"]
[Black "Zoll, Cindy"]
[Result "0-1"]
[ECO "C02"]
[WhiteElo "1000"]
[BlackElo "1387"]
[Annotator "NA"]
[PlyCount "117"]
[EventDate "2019.12.27"]
[EventType "team-tourn"]
[EventRounds "7"]
[EventCountry "GER"]
[SourceTitle "playchess.com"]
[Source "ChessBase"]
[SourceQuality "1"]
[WhiteTeam "Düsseldorfer SK"]
[BlackTeam "SG Güstrow/Teterow"]
[TimeControl "40/5400+30:1800+30"]

1. e4 e6 2. d4 d5 3. e5 c5 4. c3 Nc6 5. Nf3 Qb6 6. a3 Bd7 7. b4 cxd4 8. cxd4 Nge7 9. Be3 Nf5 10. Nc3 Rc8 11. Na4 Qd8 12. Nc5 Bxc5 13. bxc5 O-O 14. Bd3 f6 15. exf6 Qxf6 16. Bxf5 Qxf5 17. O-O Be8 18. Qb3 Rc7 19. Qb1 Qh5 20. Qd1 Qg6 21. Kh1 Qf6 22. Bg5 Qf5 23. Qb1 Qxb1 24. Raxb1 Bh5 25. Be3 Bxf3 26. gxf3 Rxf3 27. Kg2 Rcf7 28. Rg1 R3f5 29. f4 Na5 30. Kf3 Nc6 31. Ke2 Na5 32. Kd3 Nc4 33. Bc1 Rh5 34. Rg2 Rh3+ 35. Rg3 Rxh2 36. Ra1 Rh1 37. Kc2 Rxf4 38. Bxf4 Rxa1 39. Bc1 Ra2+ 40. Kb1 Rf2 41. Rb3 Rf7 42. a4 b6 43. cxb6 axb6 44. Ka2 Ra7 45. Rb4 b5 46. Rxb5 Rxa4+ 47. Kb1 Na3+ 48. Bxa3 Rxa3 49. Kc2 Kf7 50. Rb7+ Kf6 51. Rb6 h5 52. Kd2 Rg3 53. Ke2 h4 54. Kf2 Rd3 55. Rb4 Kf5 56. Ke2 Ke4 57. Rb7 Rg3 58. Kf2 Rg6 59. Rb3 {[%emt 0:00:00] normal} 0-1